Map: Automaton LE

Players

Special - Winner!

  • Race: Terran Terran
  • League: Master
  • Spawn Location: 9:00

ShoWTimE

  • Race: Protoss Protoss
  • Spawn Location: 3:00

Event: 2019 WCS Spring

VOD

Have the link to the VOD?

Description

Time

  • Played on: May 19, 2019, 8:02 a.m.
  • Length: 10:48

All games in this series

Show
View Real Time Build Order
Export as new Build Order

Special Terran - Winner!

Build Orders: Gas First Reaper Expand, Banshee Rush 

Get SALT Encoding   

  12  0:00  SCV  
  13  0:12  SCV  
  14  0:17  Supply Depot  
  14  0:24  SCV  
  15  0:28  Refinery  
  15  0:39  SCV  
  16  0:45  Barracks  
  16  0:51  SCV  
  17  1:03  SCV  
  18  1:15  SCV  
  19  1:33  Orbital Command, Reaper  
  20  1:47  Command Center  
  20  1:58  Factory  
  20  2:02  SCV  
  20  2:07  Barracks Reactor  
  21  2:14  SCV  
  22  2:18  Supply Depot  
  22  2:22  Refinery  
  22  2:26  SCV  
  23  2:39  SCV  
  24  2:46  Starport  
  24  2:48  Hellion x2  
  28  2:52  SCV  
  28  2:55  Barracks Tech Lab  
  29  2:59  Orbital Command  
  29  3:04  SCV  
  30  3:10  Hellion  
  32  3:13  Hellion  
  32  3:16  SCV  
  35  3:25  SCV  
  36  3:28  SCV  
  36  3:29  Cloaking Field  
  36  3:33  Banshee  
  40  3:40  SCV x2, Factory Tech Lab  
  42  3:42  Marine x2  
  42  3:46  Supply Depot  
  44  3:52  SCV x2  
  46  4:08  Cyclone, SCV x2  
  51  4:10  Marine x2  
  53  4:19  Supply Depot  
  53  4:20  SCV x2  
  53  4:28  Marine x2  
  54  4:39  SCV x2  
  54  4:40  Banshee  
  54  4:43  Cyclone  
  58  4:45  Marine  
  58  4:47  Supply Depot  
  58  4:51  SCV x2  
  61  4:58  Marine  
  62  5:05  Barracks  
  62  5:06  Barracks  
  62  5:09  SCV x2, Marine  
  62  5:11  Bunker  
  65  5:15  Siege Tank  
  65  5:16  Marine  
  65  5:19  Engineering Bay  
  70  5:21  SCV x2  
  70  5:26  Marine  
  70  5:27  Supply Depot  
  69  5:30  Starport Reactor, Refinery  
  69  5:31  Supply Depot  
  69  5:33  SCV  
  70  5:40  Supply Depot  
  70  5:46  Terran Infantry Weapons Level 1  
  70  5:47  Supply Depot  
  70  5:48  SCV x2, Marine x2  
  74  5:50  Missile Turret  
  74  5:51  Supply Depot  
  74  5:52  Missile Turret  
  74  5:58  Marine  
  74  5:59  Stimpack, Marine, Factory Reactor  
  74  6:00  SCV x2  
  74  6:02  Combat Shield, Supply Depot  
  78  6:07  Refinery  
  78  6:10  Marine x2  
  80  6:12  Supply Depot  
  80  6:13  SCV x2  
  80  6:17  Marauder x2  
  84  6:28  Medivac, Marine x2  
  87  6:35  Medivac  
  88  6:40  Supply Depot  
  88  6:42  Command Center  
  94  6:47  Widow Mine x2  
  94  6:50  Supply Depot, Marine  
  94  6:51  Marine  
  94  6:55  Marauder x2  
  99  7:08  Widow Mine x2  
  99  7:17  Marine x2  
  99  7:18  Marauder x2, Barracks  
  99  7:21  Barracks  
  99  7:22  Medivac x2  
  109  7:28  SCV x2  
  113  7:30  Widow Mine  
  113  7:35  Marine x2  
  114  7:40  Marauder x2, Widow Mine  
  114  7:41  Supply Depot  
  114  7:42  Terran Infantry Armor Level 1  
  120  7:45  SCV x2  
  120  7:47  Liberator  
  120  7:51  Widow Mine  
  124  7:53  Marine x2  
  124  7:54  Orbital Command  
  126  8:00  Concussive Shells  
  126  8:03  Widow Mine  
  131  8:12  Barracks Tech Lab, Marine x2, Widow Mine  
  135  8:13  Barracks Reactor  
  135  8:14  Marauder x2  
  135  8:16  Orbital Command  
  135  8:19  SCV x2  
  141  8:22  Liberator  
  141  8:30  Marine x2  
  141  8:33  Widow Mine  
  141  8:34  Widow Mine  
  147  8:35  Marauder x2  
  154  8:42  Liberator  
  142  8:54  Marine  
  142  8:55  Marauder, SCV x3  
  134  8:56  Widow Mine  
  134  8:57  Widow Mine  
  143  9:06  Marine  
  143  9:07  Marauder, SCV  
  143  9:08  SCV x2  
  149  9:16  Marauder, Marine  
  137  9:18  Marine x2  
  137  9:19  Marauder, SCV  
  137  9:21  Liberator, SCV  
  141  9:24  Liberator, Marine  
  141  9:25  Widow Mine x2  
  141  9:31  Marauder  
  148  9:33  Marine  
  153  9:47  Widow Mine x2  
  153  9:48  SCV x2  
  158  9:53  Supply Depot  
  158  9:57  Marauder  
  158  9:58  Marauder  
  162  10:03  Marauder, Marine x2  
  161  10:08  Widow Mine x2  
  161  10:10  Marine  
  158  10:18  Marauder  
  158  10:19  Marauder, Marine  
  158  10:21  Marine  
  158  10:28  Engineering Bay  
  158  10:30  Refinery  
  158  10:31  Refinery  
  163  10:43  Engineering Bay  
Show
View Real Time Build Order
Export as new Build Order

ShoWTimE Protoss 

Build Orders: 1 Gate Expand, Phoenix Opening, Zealot Archon 

Get SALT Encoding   

  12  0:00  Probe  
  13  0:12  Probe  
  14  0:18  Pylon  
  14  0:24  Probe  
  15  0:32  Probe  
  15  0:40  Probe  
  15  0:41  Gateway  
  16  0:49  Assimilator  
  17  0:51  Probe  
  18  1:03  Probe  
  19  1:15  Probe  
  20  1:28  Nexus  
  20  1:38  Cybernetics Core  
  20  1:42  Probe  
  21  1:48  Assimilator  
  21  1:54  Probe  
  21  1:59  Pylon  
  22  2:06  Probe  
  22  2:07  Adept  
  23  2:19  Probe  
  26  2:23  Stargate  
  26  2:29  Adept, Warp Gate  
  26  2:31  Probe  
  26  2:36  Probe  
  29  2:44  Probe x2  
  32  2:54  Probe  
  32  2:56  Probe  
  34  3:02  Adept  
  34  3:04  Phoenix  
  36  3:08  Probe  
  36  3:12  Probe  
  39  3:18  Pylon  
  39  3:20  Probe  
  39  3:24  Probe, Phoenix  
  44  3:34  Probe  
  44  3:39  Probe  
  44  3:41  Phoenix  
  45  3:44  Pylon  
  45  3:46  Probe  
  46  3:51  Probe  
  49  3:58  Probe  
  50  4:03  Probe  
  50  4:04  Phoenix  
  53  4:10  Probe  
  53  4:15  Probe  
  55  4:19  Oracle  
  55  4:20  Adept  
  55  4:22  Probe  
  58  4:27  Probe  
  62  4:31  Pylon  
  62  4:32  Assimilator  
  62  4:36  Probe  
  59  4:39  Probe  
  59  4:45  Adept  
  59  4:48  Probe  
  59  4:51  Probe  
  61  4:53  Forge  
  61  4:59  Twilight Council  
  61  5:00  Probe  
  61  5:03  Probe  
  61  5:04  Assimilator  
  61  5:05  Pylon  
  63  5:12  Probe, Oracle  
  63  5:13  Protoss Ground Armor Level 1  
  64  5:16  Probe  
  62  5:24  Probe, Shield Battery  
  62  5:28  Probe  
  64  5:36  Probe  
  65  5:43  Probe  
  65  5:45  Charge  
  65  5:48  Probe  
  67  5:54  Gateway x2  
  67  5:55  Probe  
  68  6:05  Probe  
  68  6:08  Probe  
  68  6:11  Zealot  
  72  6:14  Pylon  
  72  6:15  Pylon  
  72  6:27  Nexus  
  72  6:33  Gateway  
  72  6:40  Gateway  
  72  6:42  Zealot  
  74  6:50  Gateway  
  74  6:51  Gateway  
  74  6:52  Sentry  
  76  6:58  Protoss Ground Armor Level 2, Stalker  
  76  6:59  Probe x2  
  76  7:11  Probe  
  76  7:12  Gateway  
  77  7:15  Templar Archives  
  77  7:19  Probe  
  78  7:23  Probe  
  79  7:31  Probe  
  79  7:35  Probe  
  81  7:40  Zealot x2  
  81  7:41  Zealot x2  
  81  7:43  Probe  
  90  7:45  Pylon  
  90  7:54  High Templar  
  90  7:55  High Templar  
  94  7:59  High Templar, Archon  
  94  8:01  High Templar x3  
  94  8:05  Archon x2  
  102  8:14  Zealot x2  
  102  8:15  Pylon  
  106  8:21  Robotics Facility  
  106  8:29  Zealot x2  
  106  8:30  Probe x2  
  106  8:31  Probe  
  113  8:36  Zealot x6  
  111  8:54  Zealot x2  
  103  8:57  Zealot x6  
  93  9:18  Zealot x3  
  93  9:19  Zealot x5  
  109  9:31  Phoenix  
  103  9:38  Zealot x2  
  103  9:39  Zealot x3  
  103  9:41  Sentry x3  
  111  9:51  Observer  
  103  9:54  High Templar x2  
  94  10:00  Sentry  
  94  10:03  High Templar x2  
  94  10:04  Zealot x3  
  94  10:05  Archon  
  104  10:08  Archon  
  88  10:26  Zealot x5  
  94  10:37  Pylon x2  
  85  10:47  Zealot x7  
Tags
 
Add a new tag
Caveats
  • Supply blocks, unpowered buildings, or Contaminate may cause inaccurate times.
  • Supply counts are checked every 10 seconds.